AoeStats
← Lucky Luck

Nomad

509875869Analyzed
2v2 RM · 4d ago on Sep 28, 2026· 35m 16s· 4 players
Game mode
Random Map
Map size
176×176
Population
200
Speed
Normal
Resources
Standard
Victory
Conquest
Starting age
Dark Age
Ending age
Imperial Age
RankedLock teamsTeams togetherTeam positionsShared explorationLock speedFull tech treeHidden civsTurbo modeCheats
Victory
Defeat
🇦🇷 Cumans · Argentina
797
+14
🇨🇱 Mapuche · Chile
763
+15
🇭🇺 Teutons · Hungary
751
-15
🇪🇸 Vikings · Spain
734
-14
suvdan.77
Lucky Luck
3:47 Loom
17:55 Feudal Age
18:27 Fishing Lines
25:04 Double-Bit Axe
25:11 Gold Mining
29:45 Man-at-Arms
30:12 Arson
32:30 Castle Age
33:20 Squires
32:41 Long Swordsman
32:49 Pikeman
Rkz-Priest
5:26 Loom
14:21 Feudal Age
15:53 Town Watch
16:48 Wheelbarrow
18:16 Double-Bit Axe
21:11 Horse Collar
23:45 Bloodlines
27:13 Scale Barding Armor
30:48 Castle Age
28:40 Gold Mining
28:42 Stone Mining
31:45 Wheelbarrow
30:55 Light Cavalry
31:58 Chain Barding Armor
31:52 Forging
33:51 Gold Shaft Mining
33:18 Heavy Plow
33:30 Bow Saw
33:39 Hand Cart
34:44 Town Patrol
patitocarlos
6:50 Loom
13:53 Feudal Age
17:05 Double-Bit Axe
17:01 Horse Collar
21:59 Castle Age
21:39 Fletching
22:53 Padded Archer Armor
23:43 Bow Saw
25:10 Heavy Plow
24:55 Elite Skirmisher
31:44 Malon
33:32 Wheelbarrow
34:06 Ballistics
35:00 Hand Cart
Connection lost

Rejoining the realm…

Still unreachable

The connection could not be restored.

Session expired

The server has moved on; the page needs a fresh start.